 Dungeon Crawl Stone Soup version 0.20-a0-492-g6327889 (webtiles) character file.

203 Klosterheim the Scholar of Death (level 5, -2/35 HPs)
             Began as a Demonspawn Necromancer on Jan 15, 2017.
             Was a Follower of Kikubaaqudgha.
             Killed from afar by an orc wizard (5 damage)
             ... with a magic dart
             ... on level 4 of the Dungeon.
             The game lasted 00:09:04 (3935 turns).

Klosterheim the Scholar of Death (DsNe)             Turns: 3935, Time: 00:09:04

Health: -2/35      AC:  7    Str:  9    XL:     5   Next: 51%
Magic:  2/10       EV: 12    Int: 16    God:    Kikubaaqudgha [*.....]
Gold:   181        SH:  4    Dex: 14    Spells: 6/10 levels left

rFire    . . .     SeeInvis .   y - +0 flail
rCold    + . .     Gourm    .   a - +0 robe
rNeg     . . .     Faith    .   (no shield)
rPois    .         Spirit   .   (no helmet)
rElec    .         Reflect  +   (no cloak)
rCorr    .         Harm     .   x - +0 pair of gloves
MR       .....                  (no boots)
Stlth    ++........             u - +4 amulet of reflection
Regen    0.1/turn               n - ring of protection from cold
                                m - +1 ring of protection

@: no status effects
A: thin metallic scales 2
a: Receive Corpses, Renounce Religion


You were on level 4 of the Dungeon.
You worshipped Kikubaaqudgha.
Kikubaaqudgha was aware of your devotion.
You were not hungry.

You visited 1 branch of the dungeon, and saw 4 of its levels.

You collected 181 gold pieces.

Inventory:

Hand Weapons
 y - a +0 flail (weapon)
Armour
 a - a +0 robe (worn)
 x - a +0 pair of gloves (worn)
Jewellery
 m - a +1 ring of protection (left hand)
 n - a ring of protection from cold (right hand)
 s - an uncursed amulet of guardian spirit
 u - a +4 amulet of reflection (around neck)
 w - a cursed -3 ring of strength {unknown}
Wands
 B - a wand of polymorph (9/24)
Scrolls
 e - a scroll of enchant weapon {unknown}
 k - 2 scrolls of identify {unknown}
 l - a scroll of teleportation {unknown}
 o - 2 scrolls of remove curse {unknown}
 q - a scroll of enchant armour {unknown}
 t - a scroll of noise {unknown}
 C - a scroll of amnesia {unknown}
Potions
 d - a potion of curing
 f - a potion of might {unknown}
 g - a potion of flight {unknown}
 h - a potion of brilliance {unknown}
 i - 2 potions of haste {unknown}
 j - a potion of resistance {unknown}
 p - a potion of lignification {unknown}
Books
 b - a book of Necromancy

   Spells                             Type                      Level
   a - Pain                           Necromancy                   1
   b - Animate Skeleton               Necromancy                   1
   c - Vampiric Draining              Necromancy                   3
   d - Regeneration                   Charms/Necromancy            3
   e - Animate Dead                   Necromancy                   4
   f - Control Undead                 Necromancy                   4
 v - Kikubaaqudgha's Disquisition on Evil Arts
   (Kikubaaqudgha gifted it to you on level 3 of the Dungeon)

   Spells                             Type                      Level
   a - Pain                           Necromancy                   1
   b - Corpse Rot                     Necromancy                   2
   c - Sublimation of Blood           Necromancy                   2
   d - Regeneration                   Charms/Necromancy            3
   e - Control Undead                 Necromancy                   4
 z - a book of Air

   Spells                             Type                      Level
   a - Shock                          Conjuration/Air              1
   b - Swiftness                      Charms/Air                   2
   c - Repel Missiles                 Charms/Air                   2
   d - Static Discharge               Conjuration/Air              3
   e - Lightning Bolt                 Conjuration/Air              5
Comestibles
 c - 6 bread rations
 r - 2 meat rations
 A - a slice of pizza


   Skills:
 - Level 1.7 Dodging
 - Level 1.7 Stealth
 + Level 3.3 Spellcasting
 * Level 6.7 Necromancy


You had 6 spell levels left.
You knew the following spells:

 Your Spells              Type           Power        Failure   Level  Hunger
a - Pain                  Necr           ###.         1%          1    None
b - Regeneration          Chrm/Necr      ##........   14%         3    ###....


Dungeon Overview and Level Annotations

Branches:
Dungeon (4/15)
 Temple: D:4-7

Altars:
Kikubaaqudgha


Innate Abilities, Weirdness & Mutations

You are mostly covered in thin metallic scales. (AC +3)


Message History

Deactivating autopickup; reactivate with Ctrl-A.
You hear some strange, mumbled words.
You are confused.
You feel better.
A puff of flame appears from out of thin air!
The puff of flame hits you!
* * * LOW HITPOINT WARNING * * *
You miss something. Something hits you.
* * * LOW HITPOINT WARNING * * *
You miss something. Something hits you but does no damage. Something hits you.
* * * LOW HITPOINT WARNING * * *
You miss something. Something hits you but does no damage.
You barely miss something. Something hits you.
* * * LOW HITPOINT WARNING * * *
You miss something. Something hits you but does no damage.
You hear some strange, mumbled words.
A magic dart appears from out of thin air!
The magic dart hits you!
You die...
Kikubaaqudgha rasps: "You have failed me!
Welcome... death!"

..#... #...#...####.#
####### #.#.#...# #.#
..... #.###.#...####.##
####. #.....#.......?..
##.#.#####..#.#.####.##
...#........#....# #.#
##.########.####.# #.#
#..########.####{###.#
.............[..@....#
.....................#
.....................#
.....................#
...............).....#
.....................#
.....................#
.....................#
........ ............#


There were no monsters in sight!

Vanquished Creatures
  An orc wizard (D:4)
  An orc priest (D:4)
  6 adders
  An ooze (D:2)
  A worm (D:2)
  A dart slug (D:2)
  A leopard gecko (D:3)
  4 orcs
  7 bats
  A giant cockroach (D:1)
  12 goblins
  8 hobgoblins
  6 jackals
  2 quokkas
  A ball python (D:2)
  4 frilled lizards
  A jackal skeleton (D:4)
  7 kobolds
  11 rats
76 creatures vanquished.

Vanquished Creatures (others)
  A human (D:2)
1 creature vanquished.

Grand Total: 77 creatures vanquished

Notes
Turn   | Place    | Note
-------+----------+-------------------------------------------
     0 | D:1      | Klosterheim the Demonspawn Necromancer began the quest for the Orb.
     0 | D:1      | Reached XP level 1. HP: 13/13 MP: 3/3
   297 | D:1      | Gained mutation: You are partially covered in thin metallic scales. (AC +2) [demonic ancestry]
   297 | D:1      | Reached XP level 2. HP: 12/19 MP: 0/5
  1187 | D:2      | Reached skill level 5 in Necromancy
  1383 | D:2      | Reached XP level 3. HP: 22/24 MP: 3/6
  1824 | D:2      | Learned a level 3 spell: Regeneration
  1944 | D:2      | Gained mutation: You are mostly covered in thin metallic scales. (AC +3) [demonic ancestry]
  1944 | D:2      | Reached XP level 4. HP: 25/30 MP: 3/8
  2268 | D:2      | Found an ancient bone altar of Kikubaaqudgha.
  2269 | D:2      | Noticed a human
  2271 | D:2      | Killed a human
  2274 | D:2      | Became a worshipper of Kikubaaqudgha
  2697 | D:3      | Reached skill level 6 in Necromancy
  2970 | D:3      | Reached * piety under Kikubaaqudgha
  2970 | D:3      | Identified Kikubaaqudgha's Disquisition on Evil Arts (Kikubaaqudgha gifted it to you on level 3 of the Dungeon)
  2970 | D:3      | Received a gift from Kikubaaqudgha
  3607 | D:4      | Reached XP level 5. HP: 18/35 MP: 3/9
  3917 | D:4      | HP: 1/35 [something/puff of flame (7)]
  3935 | D:4      | Killed from afar by an orc wizard

Vault maps used:
D:1:      dpeg_arrival_rooms_b
D:2:      first_bread, tgw_kikubaaqudgha
D:4:      wad_floor_pattern_1, hangedman_decor_opposing, nrook_loot_triangle

Skill      XL: |  1  2  3  4 |
---------------+-------------+-----
Necromancy     | 5 6 |  6.7
Spellcasting   | 3 |  3.3
Dodging        | |  1.7
Stealth        | |  1.7

Action                   |  1- 3 |  4- 6 || total
-------------------------+-------+-------++-------
Melee: Unarmed           |    11 |     6 ||    17
       Flail             |       |    19 ||    19
 Cast: Pain              |    72 |    82 ||   154
  Use: Potion            |       |     2 ||     2
  Eat: Chunk             |     1 |     4 ||     5
       Meat ration       |     1 |       ||     1
Armor: Robe              |    17 |    19 ||    36
Dodge: Dodged            |    31 |    16 ||    47
Block: Other             |       |     8 ||     8
       Reflection        |       |     1 ||     1
